Nashville Predators vs Anaheim Ducks

Created - dimanche, 25 février 2024 at 19:00

Goals
1 2 3 T
Nashville Predators 2 0 0 2
Anaheim Ducks 0 1 0 1
Shots
1 2 3 T
Nashville Predators 14 2 10 26
Anaheim Ducks 5 15 14 34

1st period

1. Nashville Predators , Roman Josi 12 (Austin Watson 11, Matt Martin 6) at 2:20
2. Nashville Predators , Ryan Johansen 9 (Roman Josi 37, Connor Murphy 8) at 14:27

Penalties :
Jani Hakanpaa (ANA) for High sticking (Minor) at 15:37

2nd period

3. Anaheim Ducks , Steven Lorentz 6 (Brayden McNabb 14) at 11:53

Penalties :
Haydn Fleury (NSH) for Holding (Minor) at 16:23

3rd period

No Goal

Penalties :
Nathan Beaulieu (NSH) for Tripping (Minor) at 7:08, Lukas Sedlak (ANA) for Hooking (Minor) at 15:18, Connor Murphy (NSH) for Tripping (Minor) at 15:18

Goalie Stats

Mads Sogaard (NSH), 33 saves from 34 shots - (0.971), W, 1-5-0, 60:00 minutes
Martin Jones (ANA), 24 saves from 26 shots - (0.923), L, 23-20-4, 59:24 minutes

Players Stats for Nashville Predators

Player Name              G  A  P  +/- PIM S  H  SB GA TA FO     MP     PP MP  PK MP  
------------------------------------------------------------------------------------
Anthony Beauvillier      0  0  0   0  0   1  0  0  0  0  1/2    16:18   1:06   1:01 
Austin Watson            0  1  1   1  0   0  2  0  0  0  5/11   12:33   0:00   0:00 
Connor Murphy            0  1  1   2  2   1  4  1  0  0  0/0    19:35   0:34   0:39 
Craig Smith              0  0  0   1  0   0  0  1  0  0  0/0    12:59   0:00   0:26 
Dante Fabbro             0  0  0  -1  0   0  3  1  0  0  0/0    18:21   1:22   0:58 
Ethan Bear               0  0  0  -1  0   0  2  2  0  0  0/0    18:36   0:45   0:58 
Filip Chytil             0  0  0   0  0   2  0  0  0  0  0/1    15:34   1:06   1:24 
Filip Forsberg           0  0  0   0  0   3  1  0  0  0  1/2    17:42   0:53   1:34 
Haydn Fleury             0  0  0   0  2   1  0  1  0  0  0/0    16:30   0:00   0:22 
Hugh McGing              0  0  0   0  0   0  0  0  0  0  0/1    11:39   0:00   0:00 
Kevin Fiala              0  0  0   0  0   4  3  0  0  0  4/10   18:20   0:53   1:29 
Matt Duchene             0  0  0   0  0   4  0  0  0  0  9/16   18:09   0:53   2:02 
Matt Martin              0  1  1   1  0   1  1  0  0  0  0/1    13:15   0:00   0:42 
Nathan Beaulieu          0  0  0   0  2   1  2  1  0  0  0/0    17:28   0:40   0:44 
Roman Josi               1  1  2   2  0   3  0  1  0  0  0/0    24:53   0:37   2:12 
Ryan Johansen            1  0  1   0  0   2  0  0  0  0  7/10   14:17   0:00   0:26 
Seth Jarvis              0  0  0   0  0   3  2  0  0  0  0/2    16:12   1:06   0:55 
Shane Wright             0  0  0   0  0   0  0  0  0  0  7/16   11:39   0:00   0:00 

Players Stats for Anaheim Ducks

Player Name              G  A  P  +/- PIM S  H  SB GA TA FO     MP     PP MP  PK MP  
------------------------------------------------------------------------------------
Brayden McNabb           0  1  1   0  0   0  1  1  0  0  0/0    17:42   0:00   0:00 
Calle Jarnkrok           0  0  0  -1  0   0  0  0  0  0  3/11   12:38   0:26   0:52 
Cam Fowler               0  0  0   0  0   3  0  0  0  0  0/0    23:23   1:54   1:17 
Chandler Stephenson      0  0  0   0  0   4  0  0  0  0  2/3    15:13   2:04   1:07 
David Savard             0  0  0   0  0   0  1  0  0  0  0/0    22:57   1:54   1:17 
J.T. Miller              0  0  0  -1  0   5  1  1  0  0  10/14  25:06   1:54   0:00 
Jani Hakanpaa            0  0  0   0  2   0  1  1  0  0  0/0    17:41   0:00   0:00 
Jordan Kyrou             0  0  0   0  0   2  0  0  0  0  1/2    15:50   2:04   1:07 
Lukas Sedlak             0  0  0   1  2   3  3  0  0  0  0/0    14:27   0:00   0:00 
Neal Pionk               0  0  0  -1  0   1  0  0  0  0  0/0    19:21   2:04   0:42 
Pavel Zacha              0  0  0  -1  0   3  2  0  0  0  9/16   17:14   1:38   0:00 
Rickard Rakell           0  0  0  -1  0   4  0  0  0  0  3/5    16:49   1:54   0:00 
Ryan Lomberg             0  0  0   1  0   1  2  0  0  0  1/1    14:28   0:00   0:00 
Sam Lafferty             0  0  0  -1  0   1  1  0  0  0  0/0    11:20   0:00   0:00 
Scott Harrington         0  0  0   0  0   0  0  0  0  0  0/0     0:00   0:00   0:00 
Scott Mayfield           0  0  0  -1  0   2  1  2  0  0  0/0    18:55   2:04   0:42 
Steven Lorentz           1  0  1   1  0   4  0  1  0  0  8/18   16:07   0:00   0:52 
Viktor Arvidsson         0  0  0  -1  0   1  2  1  0  0  1/2    16:49   1:54   0:00 

3 Stars

1 - Mads Sogaard (NSH)
2 - Roman Josi (NSH)
3 - Connor Murphy (NSH)

Power Play

Nashville Predators - 0 on 1 Attempt(s) - 0.00%
Anaheim Ducks - 0 on 2 Attempt(s) - 0.00%

Penalty Kill

Nashville Predators - 2 on 2 Attempt(s) - 100.00% - Score 0 goal in Penalty Kill
Anaheim Ducks - 1 on 1 Attempt(s) - 100.00% - Score 0 goal in Penalty Kill

Team Stat

Nashville Predators - Hits : 20 - Faceoff Wins : 34 - Blocked Shots : 8 - Penalty Minutes : 6
Anaheim Ducks - Hits : 15 - Faceoff Wins : 38 - Blocked Shots : 7 - Penalty Minutes : 4

Official

Referees : Mitch Dunning and Eric Furlatt
Linesman : Matt MacPherson and Ryan Gibbons

Game Notes

No Game Note

Finance

Level 1 -- Attendance: 9163 (91.63%) -- Ticket Income $ 824 670
Level 2 -- Attendance: 1876 (93.80%) -- Ticket Income $ 140 700
Level 3 -- Attendance: 3137 (89.63%) -- Ticket Income $ 141 165
Level 4 -- Attendance: 1198 (82.62%) -- Ticket Income $ 35 940
Luxury Box -- Attendance: 38 (76.00%) -- Ticket Income $ 8 360
Game was played at the Honda Center.
Total Attendance: 15412 (90.66%)
Total Ticket Income: $ 1 150 835
Total Income: $ 1 150 835

Nashville Predators

5 vs 5 Forward 
   Center                   Left Wing                Right Wing               Time % Phy DF OF 
 1 Matt Duchene             Kevin Fiala              Filip Forsberg           30     1   2  2  
 2 Ryan Johansen            Seth Jarvis              Anthony Beauvillier      30     1   2  2  
 3 Shane Wright             Filip Chytil             Hugh McGing              25     1   2  2  
 4 Austin Watson            Matt Martin              Craig Smith              15     1   2  2  

5 vs 5 Defense 
   Defense                  Defense                                           Time % Phy DF OF 
 1 Roman Josi               Connor Murphy                                     30     1   2  2  
 2 Ethan Bear               Dante Fabbro                                      30     1   2  2  
 3 Nathan Beaulieu          Haydn Fleury                                      25     1   2  2  
 4 Roman Josi               Connor Murphy                                     15     1   2  2  

PowerPlay Forward 
   Center                   Left Wing                Right Wing               Time % Phy DF OF 
 1 Kevin Fiala              Matt Duchene             Filip Forsberg           50     1   2  2  
 2 Filip Chytil             Seth Jarvis              Anthony Beauvillier      50     1   2  2  

PowerPlay Defense
   Defense                  Defense                                           Time % Phy DF OF 
 1 Roman Josi               Connor Murphy                                     50     1   2  2  
 2 Ethan Bear               Dante Fabbro                                      50     1   2  2  

Penalty Kill 4 Players Forward 
   Center                   Wing                     Time % Phy DF OF 
 1 Kevin Fiala              Matt Duchene             50     1   2  2  
 2 Filip Forsberg           Filip Chytil             50     1   2  2  

Penalty Kill 4 Players Defense
   Defense                  Defense                  Time % Phy DF OF 
 1 Roman Josi               Connor Murphy            50     1   2  2  
 2 Ethan Bear               Dante Fabbro             50     1   2  2  

Penalty Kill - 3 Players Forward 
   Forward                                           Time % Phy DF OF 
 1 Kevin Fiala                                       50     1   2  2  
 2 Matt Duchene                                      50     1   2  2  

Penalty Kill - 3 Players Defense
   Defense                  Defense                  Time % Phy DF OF 
 1 Roman Josi               Connor Murphy            50     1   2  2  
 2 Ethan Bear               Dante Fabbro             50     1   2  2  

4 vs 4 Forward 
   Center                   Wing                     Time % Phy DF OF 
 1 Kevin Fiala              Matt Duchene             50     1   2  2  
 2 Filip Forsberg           Filip Chytil             50     1   2  2  

4 vs 4 Defense
   Defense                  Defense                  Time % Phy DF OF 
 1 Roman Josi               Connor Murphy            50     1   2  2  
 2 Ethan Bear               Dante Fabbro             50     1   2  2  

Last Minutes Offensive
   Center                   Left Wing                Right Wing               Defense                  Defense                  
   Kevin Fiala              Matt Duchene             Filip Forsberg           Roman Josi               Connor Murphy            

Last Minutes Defensive
   Center                   Left Wing                Right Wing               Defense                  Defense                  
   Kevin Fiala              Matt Duchene             Filip Forsberg           Roman Josi               Connor Murphy            

Goaltenders
Starting : Mads Sogaard             
Backup : Kaapo Kahkonen           

Extra Forwards
Normal : Shane Wright, Ryan Johansen, Matt Martin - PP : Shane Wright, Ryan Johansen - PK : Matt Martin
Extra Defensemen
Normal : Nathan Beaulieu, Haydn Fleury, Ethan Bear - PP : Nathan Beaulieu - PK : Haydn Fleury, Ethan Bear
Penalty Shots
Kevin Fiala, Matt Duchene, Filip Forsberg, Filip Chytil, Ryan Johansen
Custom OT Lines Forwards
Kevin Fiala, Matt Duchene, Filip Forsberg, Filip Chytil, Ryan Johansen, Seth Jarvis, Anthony Beauvillier, Matt Martin, Craig Smith, Austin Watson
Custom OT Lines Defensemen
Roman Josi, Connor Murphy, Ethan Bear, Dante Fabbro, Nathan Beaulieu

Scratches
Parker Wotherspoon (Healthy)

Anaheim Ducks

5 vs 5 Forward 
   Center                   Left Wing                Right Wing               Time % Phy DF OF 
 1 J.T. Miller              Chandler Stephenson      Jordan Kyrou             30     1   2  2  
 2 Pavel Zacha              Rickard Rakell           Viktor Arvidsson         30     1   2  2  
 3 Calle Jarnkrok           Sam Lafferty             J.T. Miller              25     1   2  2  
 4 Steven Lorentz           Ryan Lomberg             Lukas Sedlak             15     1   2  2  

5 vs 5 Defense 
   Defense                  Defense                                           Time % Phy DF OF 
 1 Cam Fowler               David Savard                                      35     1   2  2  
 2 Jani Hakanpaa            Brayden McNabb                                    35     1   2  2  
 3 Neal Pionk               Scott Mayfield                                    30     1   2  2  
 4 Cam Fowler               David Savard                                      0      1   2  2  

PowerPlay Forward 
   Center                   Left Wing                Right Wing               Time % Phy DF OF 
 1 Pavel Zacha              Chandler Stephenson      Jordan Kyrou             50     1   2  2  
 2 Rickard Rakell           J.T. Miller              Viktor Arvidsson         50     1   2  2  

PowerPlay Defense
   Defense                  Defense                                           Time % Phy DF OF 
 1 Cam Fowler               David Savard                                      50     1   2  2  
 2 Neal Pionk               Scott Mayfield                                    50     1   2  2  

Penalty Kill 4 Players Forward 
   Center                   Wing                     Time % Phy DF OF 
 1 Calle Jarnkrok           Steven Lorentz           50     1   2  2  
 2 Chandler Stephenson      Jordan Kyrou             50     1   2  2  

Penalty Kill 4 Players Defense
   Defense                  Defense                  Time % Phy DF OF 
 1 Cam Fowler               David Savard             50     1   2  2  
 2 Neal Pionk               Scott Mayfield           50     1   2  2  

Penalty Kill - 3 Players Forward 
   Forward                                           Time % Phy DF OF 
 1 Calle Jarnkrok                                    50     1   2  2  
 2 Chandler Stephenson                               50     1   2  2  

Penalty Kill - 3 Players Defense
   Defense                  Defense                  Time % Phy DF OF 
 1 Cam Fowler               David Savard             50     1   2  2  
 2 Neal Pionk               Scott Mayfield           50     1   2  2  

4 vs 4 Forward 
   Center                   Wing                     Time % Phy DF OF 
 1 Pavel Zacha              Chandler Stephenson      50     1   2  2  
 2 Jordan Kyrou             Steven Lorentz           50     1   2  2  

4 vs 4 Defense
   Defense                  Defense                  Time % Phy DF OF 
 1 Cam Fowler               David Savard             50     1   2  2  
 2 Neal Pionk               Scott Mayfield           50     1   2  2  

Last Minutes Offensive
   Center                   Left Wing                Right Wing               Defense                  Defense                  
   J.T. Miller              Chandler Stephenson      Jordan Kyrou             Cam Fowler               David Savard             

Last Minutes Defensive
   Center                   Left Wing                Right Wing               Defense                  Defense                  
   J.T. Miller              Chandler Stephenson      Jordan Kyrou             Cam Fowler               David Savard             

Goaltenders
Starting : Martin Jones             
Backup : Scott Wedgewood          

Extra Forwards
Normal : Pavel Zacha, Jordan Kyrou, Steven Lorentz - PP : Pavel Zacha, Chandler Stephenson - PK : Steven Lorentz
Extra Defensemen
Normal : Cam Fowler, Jani Hakanpaa, Neal Pionk - PP : David Savard - PK : Jani Hakanpaa, Neal Pionk
Penalty Shots
Pavel Zacha, Chandler Stephenson, Jordan Kyrou, J.T. Miller, Viktor Arvidsson
Custom OT Lines Forwards
J.T. Miller, Chandler Stephenson, Jordan Kyrou, Sam Lafferty, Viktor Arvidsson, Rickard Rakell, Pavel Zacha, Calle Jarnkrok, Lukas Sedlak, Steven Lorentz
Custom OT Lines Defensemen
Cam Fowler, David Savard, Neal Pionk, Scott Mayfield, Jani Hakanpaa

Scratches
Brett Howden (Healthy), Michael Hutchinson (Dislocated Patella Injury)

% Time on Ice - Nashville Predators

Lines # - Real PCT - Wanted PCT - Time Play
Normal Forward
1 - 26% - 30% - 13:31
2 - 27% - 30% - 13:37
3 - 23% - 25% - 11:39
4 - 24% - 15% - 12:33
Normal Defense
1 - 26% - 30% - 13:24
2 - 32% - 30% - 16:11
3 - 30% - 25% - 15:38
4 - 12% - 15% - 6:07
PP Forward
1 - 45% - 50% - 0:53
2 - 55% - 50% - 1:06
PP Defense
1 - 31% - 50% - 0:37
2 - 69% - 50% - 1:22
PK Forward
1 - 65% - 50% - 2:34
2 - 35% - 50% - 1:24
PK Defense
1 - 65% - 50% - 2:34
2 - 35% - 50% - 1:24
PK3 Forward
1 - 0% - 50%
2 - 0% - 50%
PK3 Defense
1 - 0% - 50%
2 - 0% - 50%
44 Forward
1 - 50% - 50% - 0:59
2 - 50% - 50% - 1:00
44 Defense
1 - 26% - 50% - 0:31
2 - 74% - 50% - 1:28
Last Minute Offensive  - 0:00
Last Minute Defensive  - 0:44
Total
Forward - 60:00
Defense - 60:00

% Time on Ice - Anaheim Ducks

Lines # - Real PCT - Wanted PCT - Time Play
Normal Forward
1 - 21% - 30% - 10:37
2 - 29% - 30% - 14:55
3 - 22% - 25% - 11:20
4 - 28% - 15% - 14:28
Normal Defense
1 - 34% - 35% - 17:28
2 - 34% - 35% - 17:42
3 - 30% - 30% - 15:28
4 - 1% - 0% - 0:42
PP Forward
1 - 52% - 50% - 2:04
2 - 48% - 50% - 1:54
PP Defense
1 - 48% - 50% - 1:54
2 - 52% - 50% - 2:04
PK Forward
1 - 44% - 50% - 0:52
2 - 56% - 50% - 1:07
PK Defense
1 - 65% - 50% - 1:17
2 - 35% - 50% - 0:42
PK3 Forward
1 - 0% - 50%
2 - 0% - 50%
PK3 Defense
1 - 0% - 50%
2 - 0% - 50%
44 Forward
1 - 34% - 50% - 0:41
2 - 66% - 50% - 1:18
44 Defense
1 - 66% - 50% - 1:18
2 - 34% - 50% - 0:41
Last Minute Offensive  - 0:44
Last Minute Defensive  - 0:00
Total
Forward - 60:00
Defense - 60:00

Play-by-Play

1st period


0:01 of 1st period - Matt Duchene wins face-off versus J.T. Miller in neutral zone.
0:20 of 1st period - Shot by Matt Duchene.
0:20 of 1st period - Shot Misses the Net.
0:22 of 1st period - Shot by Roman Josi.
0:22 of 1st period - Stopped by Martin Jones with a rebound.
1:02 of 1st period - Jani Hakanpaa is hit by Ethan Bear and loses puck.
1:11 of 1st period - Shot by Rickard Rakell.
1:11 of 1st period - Stopped by Mads Sogaard without a rebound.
1:12 of 1st period - Steven Lorentz wins face-off versus Shane Wright in Nashville Predators zone.
1:15 of 1st period - Shot by Lukas Sedlak.
1:15 of 1st period - Stopped by Mads Sogaard with a rebound.
1:35 of 1st period - Nathan Beaulieu is hit by Lukas Sedlak and loses puck.
2:15 of 1st period - Austin Watson is hit by Jani Hakanpaa and loses puck.
2:18 of 1st period - Shot by Austin Watson.
2:18 of 1st period - Shot Misses the Net.
2:20 of 1st period - Shot by Roman Josi.
2:20 of 1st period - Goal by Roman Josi - Nashville Predators : 1 - Anaheim Ducks : 0.
2:21 of 1st period - Pavel Zacha wins face-off versus Seth Jarvis in neutral zone.
3:35 of 1st period - Shot by J.T. Miller.
3:35 of 1st period - Shot Blocked by Nathan Beaulieu.
3:47 of 1st period - Shot by Haydn Fleury.
3:47 of 1st period - Stopped by Martin Jones without a rebound.
3:48 of 1st period - Steven Lorentz wins face-off versus Austin Watson in Anaheim Ducks zone.
4:26 of 1st period - Off-side.
4:27 of 1st period - Ryan Johansen wins face-off versus Calle Jarnkrok in neutral zone.
4:47 of 1st period - Icing by Seth Jarvis.
4:48 of 1st period - Ryan Johansen wins face-off versus Pavel Zacha in Nashville Predators zone.
5:05 of 1st period - Shot by Pavel Zacha.
5:05 of 1st period - Shot Blocked by Haydn Fleury.
5:55 of 1st period - Chandler Stephenson is hit by Nathan Beaulieu and loses puck.
6:40 of 1st period - Neal Pionk is hit by Kevin Fiala and loses puck.
6:45 of 1st period - Shot by Matt Duchene.
6:45 of 1st period - Shot Misses the Net.
6:47 of 1st period - Shot by Connor Murphy.
6:47 of 1st period - Stopped by Martin Jones without a rebound.
6:48 of 1st period - Shane Wright wins face-off versus Calle Jarnkrok in Anaheim Ducks zone.
6:55 of 1st period - Shot by Shane Wright.
6:55 of 1st period - Shot Hit the Post.
7:11 of 1st period - Shot by Filip Chytil.
7:11 of 1st period - Shot Blocked by J.T. Miller.
7:13 of 1st period - Shot by Filip Chytil.
7:13 of 1st period - Stopped by Martin Jones with a rebound.
7:39 of 1st period - Shot by Filip Forsberg.
7:39 of 1st period - Shot Blocked by Scott Mayfield.
8:15 of 1st period - Shot by Matt Martin.
8:15 of 1st period - Shot Misses the Net.
8:35 of 1st period - Shot by Lukas Sedlak.
8:35 of 1st period - Stopped by Mads Sogaard with a rebound.
8:47 of 1st period - Shot by J.T. Miller.
8:47 of 1st period - Shot Misses the Net.
9:07 of 1st period - Shot by Chandler Stephenson.
9:07 of 1st period - Stopped by Mads Sogaard without a rebound.
9:08 of 1st period - Shane Wright wins face-off versus Viktor Arvidsson in Nashville Predators zone.
9:32 of 1st period - Shot by Roman Josi.
9:32 of 1st period - Shot Blocked by Viktor Arvidsson.
9:34 of 1st period - Shot by Roman Josi.
9:34 of 1st period - Shot Misses the Net.
9:36 of 1st period - Shot by Roman Josi.
9:36 of 1st period - Stopped by Martin Jones without a rebound.
9:37 of 1st period - Calle Jarnkrok wins face-off versus Matt Duchene in Anaheim Ducks zone.
9:51 of 1st period - Shot by Filip Forsberg.
9:51 of 1st period - Stopped by Martin Jones without a rebound.
9:52 of 1st period - Matt Duchene wins face-off versus Steven Lorentz in Anaheim Ducks zone.
10:04 of 1st period - Shot by Kevin Fiala.
10:04 of 1st period - Stopped by Martin Jones without a rebound.
10:05 of 1st period - Calle Jarnkrok wins face-off versus Hugh McGing in Anaheim Ducks zone.
11:38 of 1st period - Shot by Lukas Sedlak.
11:38 of 1st period - Shot Blocked by Roman Josi.
11:46 of 1st period - Shot by Steven Lorentz.
11:46 of 1st period - Stopped by Mads Sogaard with a rebound.
12:22 of 1st period - Shot by Jordan Kyrou.
12:22 of 1st period - Shot Blocked by Ethan Bear.
13:39 of 1st period - Shot by Filip Forsberg.
13:39 of 1st period - Stopped by Martin Jones without a rebound.
13:40 of 1st period - Ryan Lomberg wins face-off versus Matt Duchene in Anaheim Ducks zone.
13:50 of 1st period - Nathan Beaulieu is hit by Lukas Sedlak and loses puck.
13:59 of 1st period - Shot by Matt Duchene.
13:59 of 1st period - Shot Misses the Net.
14:02 of 1st period - Icing by Brayden McNabb.
14:03 of 1st period - Ryan Johansen wins face-off versus Steven Lorentz in Anaheim Ducks zone.
14:27 of 1st period - Shot by Ryan Johansen.
14:27 of 1st period - Goal by Ryan Johansen - Nashville Predators : 2 - Anaheim Ducks : 0.
14:28 of 1st period - Rickard Rakell wins face-off versus Shane Wright in neutral zone.
15:06 of 1st period - Icing by Neal Pionk.
15:07 of 1st period - Rickard Rakell wins face-off versus Austin Watson in Anaheim Ducks zone.
15:07 of 1st period - Viktor Arvidsson is hit by Austin Watson and loses puck.
15:37 of 1st period - Minor Penalty to Jani Hakanpaa for High sticking.
15:38 of 1st period - Chandler Stephenson wins face-off versus Kevin Fiala in Anaheim Ducks zone.
15:53 of 1st period - Shot by Filip Forsberg.
15:53 of 1st period - Deflect By Kevin Fiala.
15:53 of 1st period - Stopped by Martin Jones without a rebound.
15:54 of 1st period - Chandler Stephenson wins face-off versus Filip Chytil in Anaheim Ducks zone.
16:19 of 1st period - Shot by Seth Jarvis.
16:19 of 1st period - Stopped by Martin Jones without a rebound.
16:20 of 1st period - Kevin Fiala wins face-off versus Chandler Stephenson in Anaheim Ducks zone.
16:31 of 1st period - Shot by Filip Forsberg.
16:31 of 1st period - Stopped by Martin Jones with a rebound.
17:08 of 1st period - Icing by Seth Jarvis.
17:09 of 1st period - Anthony Beauvillier wins face-off versus Calle Jarnkrok in Nashville Predators zone.
17:40 of 1st period - Icing by Roman Josi.
17:41 of 1st period - Pavel Zacha wins face-off versus Austin Watson in Nashville Predators zone.
18:43 of 1st period - Shot by Scott Mayfield.
18:43 of 1st period - Shot Misses the Net.
19:07 of 1st period - J.T. Miller is hit by Seth Jarvis.
19:22 of 1st period - Shot by Seth Jarvis.
19:22 of 1st period - Stopped by Martin Jones without a rebound.
19:23 of 1st period - J.T. Miller wins face-off versus Shane Wright in Anaheim Ducks zone.
19:52 of 1st period - Shot by Chandler Stephenson.
19:52 of 1st period - Shot Misses the Net.
Goals for this period are 2 for Nashville Predators vs 0 for Anaheim Ducks.
Shots for this period are 14 for Nashville Predators vs 5 for Anaheim Ducks.

2nd period


0:01 of 2nd period - J.T. Miller wins face-off versus Matt Duchene in neutral zone.
0:15 of 2nd period - David Savard is hit by Kevin Fiala and loses puck.
0:53 of 2nd period - Off-side.
0:54 of 2nd period - Ryan Johansen wins face-off versus Steven Lorentz in neutral zone.
1:00 of 2nd period - Icing by Scott Mayfield.
1:01 of 2nd period - Steven Lorentz wins face-off versus Shane Wright in Anaheim Ducks zone.
1:08 of 2nd period - Nathan Beaulieu is hit by Ryan Lomberg and loses puck.
2:14 of 2nd period - Icing by Ethan Bear.
2:15 of 2nd period - Ryan Johansen wins face-off versus Pavel Zacha in Nashville Predators zone.
2:39 of 2nd period - Viktor Arvidsson is hit by Connor Murphy and loses puck.
2:49 of 2nd period - Rickard Rakell is hit by Connor Murphy and loses puck.
3:45 of 2nd period - Shot by Sam Lafferty.
3:45 of 2nd period - Stopped by Mads Sogaard without a rebound.
3:46 of 2nd period - Steven Lorentz wins face-off versus Shane Wright in Nashville Predators zone.
3:55 of 2nd period - Shot by Steven Lorentz.
3:55 of 2nd period - Stopped by Mads Sogaard with a rebound.
3:58 of 2nd period - Icing by Dante Fabbro.
3:59 of 2nd period - Pavel Zacha wins face-off versus Shane Wright in Nashville Predators zone.
3:59 of 2nd period - Pavel Zacha is hit by Dante Fabbro.
4:10 of 2nd period - Filip Chytil is hit by Scott Mayfield and loses puck.
4:24 of 2nd period - Viktor Arvidsson is hit by Connor Murphy and loses puck.
4:46 of 2nd period - Scott Mayfield is hit by Connor Murphy and loses puck.
5:13 of 2nd period - Shot by J.T. Miller.
5:13 of 2nd period - Stopped by Mads Sogaard without a rebound.
5:14 of 2nd period - Matt Duchene wins face-off versus J.T. Miller in Nashville Predators zone.
5:18 of 2nd period - Icing by Kevin Fiala.
5:19 of 2nd period - Matt Duchene wins face-off versus Calle Jarnkrok in Nashville Predators zone.
5:30 of 2nd period - Shot by Filip Forsberg.
5:30 of 2nd period - Shot Misses the Net.
5:32 of 2nd period - Shot by Dante Fabbro.
5:32 of 2nd period - Shot Blocked by Jani Hakanpaa.
6:14 of 2nd period - Shot by Ryan Lomberg.
6:14 of 2nd period - Stopped by Mads Sogaard without a rebound.
6:15 of 2nd period - Ryan Johansen wins face-off versus Steven Lorentz in Nashville Predators zone.
6:33 of 2nd period - Ryan Johansen is hit by Lukas Sedlak and loses puck.
6:41 of 2nd period - Seth Jarvis is hit by Ryan Lomberg and loses puck.
6:49 of 2nd period - Off-side.
6:50 of 2nd period - Shane Wright wins face-off versus J.T. Miller in neutral zone.
8:00 of 2nd period - Icing by Dante Fabbro.
8:01 of 2nd period - Matt Duchene wins face-off versus Pavel Zacha in Nashville Predators zone.
9:43 of 2nd period - Shot by J.T. Miller.
9:43 of 2nd period - Stopped by Mads Sogaard without a rebound.
9:44 of 2nd period - Shane Wright wins face-off versus Calle Jarnkrok in Nashville Predators zone.
10:32 of 2nd period - Shot by Viktor Arvidsson.
10:32 of 2nd period - Deflect By Pavel Zacha.
10:32 of 2nd period - Stopped by Mads Sogaard without a rebound.
10:33 of 2nd period - J.T. Miller wins face-off versus Ryan Johansen in Nashville Predators zone.
11:12 of 2nd period - Seth Jarvis is hit by Viktor Arvidsson and loses puck.
11:33 of 2nd period - Pavel Zacha is hit by Dante Fabbro and loses puck.
11:53 of 2nd period - Shot by Steven Lorentz.
11:53 of 2nd period - Goal by Steven Lorentz - Nashville Predators : 2 - Anaheim Ducks : 1.
11:54 of 2nd period - J.T. Miller wins face-off versus Matt Duchene in neutral zone.
12:08 of 2nd period - Off-side.
12:09 of 2nd period - Austin Watson wins face-off versus Steven Lorentz in neutral zone.
13:13 of 2nd period - Haydn Fleury is hit by Pavel Zacha.
13:17 of 2nd period - Shot by Pavel Zacha.
13:17 of 2nd period - Stopped by Mads Sogaard without a rebound.
13:18 of 2nd period - J.T. Miller wins face-off versus Shane Wright in Nashville Predators zone.
13:33 of 2nd period - Shot by Jordan Kyrou.
13:33 of 2nd period - Deflect By Chandler Stephenson.
13:33 of 2nd period - Shot Misses the Net.
13:41 of 2nd period - Shot by Chandler Stephenson.
13:41 of 2nd period - Stopped by Mads Sogaard without a rebound.
13:42 of 2nd period - Viktor Arvidsson wins face-off versus Austin Watson in Nashville Predators zone.
13:45 of 2nd period - Shot by Pavel Zacha.
13:45 of 2nd period - Shot Blocked by Connor Murphy.
14:33 of 2nd period - Sam Lafferty is hit by Austin Watson and loses puck.
14:42 of 2nd period - Shot by J.T. Miller.
14:42 of 2nd period - Shot Misses the Net.
14:44 of 2nd period - Shot by Calle Jarnkrok.
14:44 of 2nd period - Shot Misses the Net.
15:09 of 2nd period - Icing by Jani Hakanpaa.
15:10 of 2nd period - Steven Lorentz wins face-off versus Anthony Beauvillier in Anaheim Ducks zone.
15:22 of 2nd period - Shot by Anthony Beauvillier.
15:22 of 2nd period - Shot Misses the Net.
15:38 of 2nd period - Shot by Seth Jarvis.
15:38 of 2nd period - Shot Misses the Net.
15:50 of 2nd period - Shot by Matt Duchene.
15:50 of 2nd period - Shot Misses the Net.
15:52 of 2nd period - Shot by Nathan Beaulieu.
15:52 of 2nd period - Stopped by Martin Jones without a rebound.
15:53 of 2nd period - J.T. Miller wins face-off versus Shane Wright in Anaheim Ducks zone.
16:02 of 2nd period - Shot by J.T. Miller.
16:02 of 2nd period - Stopped by Mads Sogaard without a rebound.
16:03 of 2nd period - Matt Duchene wins face-off versus Pavel Zacha in Nashville Predators zone.
16:03 of 2nd period - Filip Forsberg is hit by Pavel Zacha and loses puck.
16:16 of 2nd period - Shot by Rickard Rakell.
16:16 of 2nd period - Stopped by Mads Sogaard with a rebound.
16:18 of 2nd period - Shot by Pavel Zacha.
16:18 of 2nd period - Shot Misses the Net.
16:23 of 2nd period - Minor Penalty to Haydn Fleury for Holding.
16:24 of 2nd period - Pavel Zacha wins face-off versus Filip Forsberg in Nashville Predators zone.
16:41 of 2nd period - Shot by Neal Pionk.
16:41 of 2nd period - Stopped by Mads Sogaard without a rebound.
16:42 of 2nd period - Kevin Fiala wins face-off versus Rickard Rakell in Nashville Predators zone.
16:42 of 2nd period - Kevin Fiala is hit by J.T. Miller.
17:08 of 2nd period - Shot by Rickard Rakell.
17:08 of 2nd period - Stopped by Mads Sogaard with a rebound.
17:49 of 2nd period - Shot by Jordan Kyrou.
17:49 of 2nd period - Stopped by Mads Sogaard without a rebound.
17:50 of 2nd period - Pavel Zacha wins face-off versus Matt Duchene in Nashville Predators zone.
18:11 of 2nd period - Shot by Scott Mayfield.
18:11 of 2nd period - Stopped by Mads Sogaard without a rebound.
18:12 of 2nd period - Kevin Fiala wins face-off versus Rickard Rakell in Nashville Predators zone.
18:33 of 2nd period - Anthony Beauvillier is hit by Brayden McNabb and loses puck.
18:37 of 2nd period - Icing by Jani Hakanpaa.
18:38 of 2nd period - Austin Watson wins face-off versus Steven Lorentz in Anaheim Ducks zone.
18:45 of 2nd period - Shot by Craig Smith.
18:45 of 2nd period - Deflect By Matt Martin.
18:45 of 2nd period - Stopped by Martin Jones with a rebound.
18:53 of 2nd period - Shot by Austin Watson.
18:53 of 2nd period - Shot Blocked by Brayden McNabb.
19:30 of 2nd period - Jordan Kyrou is hit by Dante Fabbro and loses puck.
19:38 of 2nd period - J.T. Miller is hit by Ethan Bear and loses puck.
Goals for this period are 0 for Nashville Predators vs 1 for Anaheim Ducks.
Shots for this period are 2 for Nashville Predators vs 15 for Anaheim Ducks.

3rd period


0:01 of 3rd period - Matt Duchene wins face-off versus Calle Jarnkrok in neutral zone.
0:12 of 3rd period - Shot by Matt Duchene.
0:12 of 3rd period - Shot Misses the Net.
0:23 of 3rd period - Icing by Cam Fowler.
0:24 of 3rd period - Shane Wright wins face-off versus Calle Jarnkrok in Anaheim Ducks zone.
0:41 of 3rd period - Shot by Filip Chytil.
0:41 of 3rd period - Shot Misses the Net.
0:49 of 3rd period - Shot by Filip Chytil.
0:49 of 3rd period - Stopped by Martin Jones without a rebound.
0:50 of 3rd period - Pavel Zacha wins face-off versus Seth Jarvis in Anaheim Ducks zone.
0:50 of 3rd period - Pavel Zacha is hit by Seth Jarvis.
1:17 of 3rd period - Shot by Rickard Rakell.
1:17 of 3rd period - Stopped by Mads Sogaard without a rebound.
1:18 of 3rd period - Steven Lorentz wins face-off versus Matt Duchene in Nashville Predators zone.
1:21 of 3rd period - Shot by Steven Lorentz.
1:21 of 3rd period - Stopped by Mads Sogaard with a rebound.
1:23 of 3rd period - Shot by Steven Lorentz.
1:23 of 3rd period - Shot Misses the Net.
3:50 of 3rd period - Ethan Bear is hit by Sam Lafferty and loses puck.
5:00 of 3rd period - Shot by Pavel Zacha.
5:00 of 3rd period - Stopped by Mads Sogaard without a rebound.
5:01 of 3rd period - Austin Watson wins face-off versus Pavel Zacha in Nashville Predators zone.
5:13 of 3rd period - Rickard Rakell is hit by Nathan Beaulieu and loses puck.
5:29 of 3rd period - Off-side.
5:30 of 3rd period - J.T. Miller wins face-off versus Shane Wright in neutral zone.
6:03 of 3rd period - Shot by Chandler Stephenson.
6:03 of 3rd period - Stopped by Mads Sogaard with a rebound.
6:21 of 3rd period - Shot by J.T. Miller.
6:21 of 3rd period - Shot Blocked by Ethan Bear.
6:35 of 3rd period - Shot by Sam Lafferty.
6:35 of 3rd period - Shot Blocked by Dante Fabbro.
6:37 of 3rd period - Shot by Cam Fowler.
6:37 of 3rd period - Stopped by Mads Sogaard without a rebound.
6:38 of 3rd period - Ryan Johansen wins face-off versus Pavel Zacha in Nashville Predators zone.
6:55 of 3rd period - Shot by Ryan Johansen.
6:55 of 3rd period - Shot Misses the Net.
7:08 of 3rd period - Minor Penalty to Nathan Beaulieu for Tripping.
7:09 of 3rd period - Pavel Zacha wins face-off versus Matt Martin in Nashville Predators zone.
7:09 of 3rd period - Scott Mayfield is hit by Filip Forsberg and loses puck.
7:35 of 3rd period - Shot by Jordan Kyrou.
7:35 of 3rd period - Stopped by Mads Sogaard with a rebound.
7:37 of 3rd period - Shot by Neal Pionk.
7:37 of 3rd period - Shot Misses the Net.
8:00 of 3rd period - Shot by J.T. Miller.
8:00 of 3rd period - Shot Misses the Net.
8:39 of 3rd period - Shot by Jordan Kyrou.
8:39 of 3rd period - Shot Misses the Net.
8:41 of 3rd period - Shot by Scott Mayfield.
8:41 of 3rd period - Stopped by Mads Sogaard without a rebound.
8:42 of 3rd period - Rickard Rakell wins face-off versus Kevin Fiala in Nashville Predators zone.
8:43 of 3rd period - Shot by Viktor Arvidsson.
8:43 of 3rd period - Shot Misses the Net.
8:45 of 3rd period - Shot by J.T. Miller.
8:45 of 3rd period - Stopped by Mads Sogaard with a rebound.
8:47 of 3rd period - Shot by Cam Fowler.
8:47 of 3rd period - Stopped by Mads Sogaard with a rebound.
9:01 of 3rd period - Shot by Cam Fowler.
9:01 of 3rd period - Shot Misses the Net.
9:03 of 3rd period - Shot by David Savard.
9:03 of 3rd period - Shot Blocked by Craig Smith.
9:05 of 3rd period - Shot by Cam Fowler.
9:05 of 3rd period - Shot Hit the Post.
9:07 of 3rd period - Shot by J.T. Miller.
9:07 of 3rd period - Stopped by Mads Sogaard without a rebound.
9:08 of 3rd period - Shane Wright wins face-off versus Steven Lorentz in Nashville Predators zone.
9:12 of 3rd period - Icing by Nathan Beaulieu.
9:13 of 3rd period - Shane Wright wins face-off versus Steven Lorentz in Nashville Predators zone.
10:34 of 3rd period - Icing by Craig Smith.
10:35 of 3rd period - Austin Watson wins face-off versus Pavel Zacha in Nashville Predators zone.
10:39 of 3rd period - Matt Martin is hit by Viktor Arvidsson and loses puck.
11:17 of 3rd period - Icing by Connor Murphy.
11:18 of 3rd period - Matt Duchene wins face-off versus Steven Lorentz in Nashville Predators zone.
11:27 of 3rd period - Shot by Matt Duchene.
11:27 of 3rd period - Stopped by Martin Jones with a rebound.
11:29 of 3rd period - Shot by Filip Forsberg.
11:29 of 3rd period - Shot Blocked by Steven Lorentz.
12:53 of 3rd period - Shot by Rickard Rakell.
12:53 of 3rd period - Shot Misses the Net.
13:11 of 3rd period - Shot by Calle Jarnkrok.
13:11 of 3rd period - Shot Misses the Net.
13:42 of 3rd period - Shot by Filip Chytil.
13:42 of 3rd period - Shot Misses the Net.
14:00 of 3rd period - Icing by J.T. Miller.
14:01 of 3rd period - Calle Jarnkrok wins face-off versus Austin Watson in Anaheim Ducks zone.
14:11 of 3rd period - Off-side.
14:12 of 3rd period - Matt Duchene wins face-off versus Steven Lorentz in neutral zone.
14:21 of 3rd period - Shot by Kevin Fiala.
14:21 of 3rd period - Stopped by Martin Jones without a rebound.
14:22 of 3rd period - Pavel Zacha wins face-off versus Austin Watson in Anaheim Ducks zone.
14:22 of 3rd period - Pavel Zacha is hit by Matt Martin.
15:18 of 3rd period - Minor Penalty to Lukas Sedlak for Hooking.
15:18 of 3rd period - Minor Penalty to Connor Murphy for Tripping.
15:19 of 3rd period - Jordan Kyrou wins face-off versus Kevin Fiala in Nashville Predators zone.
15:46 of 3rd period - Jordan Kyrou is hit by Kevin Fiala and loses puck.
16:22 of 3rd period - Shot by Chandler Stephenson.
16:22 of 3rd period - Stopped by Mads Sogaard without a rebound.
16:23 of 3rd period - Pavel Zacha wins face-off versus Kevin Fiala in Nashville Predators zone.
16:40 of 3rd period - Shot by Kevin Fiala.
16:40 of 3rd period - Shot Misses the Net.
16:42 of 3rd period - Shot by Dante Fabbro.
16:42 of 3rd period - Shot Blocked by Scott Mayfield.
16:44 of 3rd period - Shot by Kevin Fiala.
16:44 of 3rd period - Stopped by Martin Jones with a rebound.
16:46 of 3rd period - Shot by Matt Duchene.
16:46 of 3rd period - Stopped by Martin Jones without a rebound.
16:47 of 3rd period - Filip Forsberg wins face-off versus Jordan Kyrou in Anaheim Ducks zone.
16:48 of 3rd period - Shot by Roman Josi.
16:48 of 3rd period - Shot Misses the Net.
17:04 of 3rd period - Shot by J.T. Miller.
17:04 of 3rd period - Shot Misses the Net.
17:06 of 3rd period - Shot by J.T. Miller.
17:06 of 3rd period - Shot Misses the Net.
17:20 of 3rd period - Shot by Anthony Beauvillier.
17:20 of 3rd period - Stopped by Martin Jones without a rebound.
17:21 of 3rd period - J.T. Miller wins face-off versus Ryan Johansen in Anaheim Ducks zone.
17:26 of 3rd period - Shot by Ryan Johansen.
17:26 of 3rd period - Stopped by Martin Jones without a rebound.
17:27 of 3rd period - Steven Lorentz wins face-off versus Ryan Johansen in Anaheim Ducks zone.
17:40 of 3rd period - Shot by Seth Jarvis.
17:40 of 3rd period - Stopped by Martin Jones without a rebound.
17:41 of 3rd period - Austin Watson wins face-off versus Calle Jarnkrok in Anaheim Ducks zone.
17:59 of 3rd period - Shot by Craig Smith.
17:59 of 3rd period - Deflect By Matt Martin.
17:59 of 3rd period - Shot Misses the Net.
18:41 of 3rd period - Shot by Viktor Arvidsson.
18:41 of 3rd period - Stopped by Mads Sogaard without a rebound.
18:42 of 3rd period - Steven Lorentz wins face-off versus Matt Duchene in Nashville Predators zone.
18:47 of 3rd period - Shot by Lukas Sedlak.
18:47 of 3rd period - Stopped by Mads Sogaard with a rebound.
19:06 of 3rd period - Kevin Fiala is hit by David Savard and loses puck.
19:11 of 3rd period - Shot by Matt Duchene.
19:11 of 3rd period - Stopped by Martin Jones with a rebound.
19:13 of 3rd period - Shot by Kevin Fiala.
19:13 of 3rd period - Shot Misses the Net.
19:15 of 3rd period - Shot by Matt Duchene.
19:15 of 3rd period - Stopped by Martin Jones without a rebound.
19:16 of 3rd period - J.T. Miller wins face-off versus Kevin Fiala in Anaheim Ducks zone.
19:22 of 3rd period - Icing by Roman Josi.
19:23 of 3rd period - J.T. Miller wins face-off versus Kevin Fiala in Nashville Predators zone.
19:24 of 3rd period - Anaheim Ducks, Martin Jones is pulled from the net.
19:30 of 3rd period - Shot by Cam Fowler.
19:30 of 3rd period - Stopped by Mads Sogaard without a rebound.
19:31 of 3rd period - Kevin Fiala wins face-off versus J.T. Miller in Nashville Predators zone.
Goals for this period are 0 for Nashville Predators vs 0 for Anaheim Ducks.
Shots for this period are 10 for Nashville Predators vs 14 for Anaheim Ducks.